 Dungeon Crawl Stone Soup version 0.19.0-19-g8c6edcc (webtiles) character file.

5218 vev the Cleaver (level 10, -4/54 HPs)
             Began as a Tengu Arcane Marksman on Nov 13, 2016.
             Was a Follower of Qazlal.
             Slain by a hill giant
             ... wielding a +0 giant spiked club
              (37 damage)
             ... on level 9 of the Dungeon.
             The game lasted 00:23:09 (11023 turns).

vev the Cleaver (Tengu Arcane Marksman)            Turns: 11023, Time: 00:23:10

Health: -4/54      AC: 11    Str: 14    XL:     10   Next: 61%
Magic:  1/4        EV: 13    Int: 18    God:    Qazlal [*.....]
Gold:   448        SH:  6    Dex:  9    Spells: 1 memorised, 10 levels left

rFire  . . .     SeeInvis .     I - +5 war axe "Xemiadon" {antimagic, rPois Int+4 Dex-5}
rCold  . . .     Gourm    .     n - +0 scale mail
rNeg   . . .     Faith    .     p - +0 buckler
rPois  +         Spirit   .     (helmet restricted)
rElec  .         Reflect  .     i - +0 cloak
rCorr  .         Harm     .     (no gloves)
MR     .....                    (boots unavailable)
Stlth  ..........               j - amulet of rage
                                t - +4 ring of slaying
                                (no ring)

@: flying quickly and evasively, quick
A: beak, talons 3, iridescent scales 1, thin metallic scales 1, frail 1, able to
fly 1
a: Renounce Religion, Evoke Berserk Rage


You were on level 9 of the Dungeon.
You worshipped Qazlal.
Qazlal was aware of your devotion.
You were not hungry.

You visited 2 branches of the dungeon, and saw 10 of its levels.

You collected 448 gold pieces.

Inventory:

Hand Weapons
 a - a +2 hand axe of electrocution
 b - a +2 war axe of flaming
 l - a +0 hand crossbow
 I - the +5 war axe "Xemiadon" (weapon) {antimagic, rPois Int+4 Dex-5}
   (You found it on level 8 of the Dungeon)

   It reduces the magical energy of the wielder, and disrupts the spells and
   magical abilities of those hit.
   Natural abilities and divine invocations are not affected.
   It affects your intelligence (+4).
   It affects your dexterity (-5).
   It protects you from poison.
Missiles
 d - 166 bolts
Armour
 e - a +0 robe
 i - a +0 cloak (worn)
 m - a +0 ring mail
 n - a +0 scale mail (worn)
 p - a +0 buckler (worn)
Jewellery
 j - an amulet of rage (around neck)
 t - a +4 ring of slaying (right hand)
Wands
 x - a wand of flame (15/48)
 A - a wand of polymorph (4/24)
 C - a wand of digging (6/24)
Scrolls
 g - a scroll of remove curse
 h - a scroll of fog
 k - 2 scrolls of teleportation
 u - 2 scrolls of amnesia {unknown}
 w - a scroll of vulnerability {unknown}
 y - a scroll of enchant weapon {unknown}
 E - 2 scrolls of recharging {unknown}
 H - a scroll of identify
Potions
 s - a potion of curing
 v - a potion of cure mutation
 z - a potion of heal wounds
 B - 2 potions of flight
 D - a potion of might
 F - a potion of lignification {unknown}
 G - a potion of brilliance {unknown}
 J - a potion of degeneration {unknown}
 L - a potion of resistance {unknown}
 M - a potion of haste
Books
 c - a book of Debilitation

   Spells                             Type                      Level
   a - Corona                         Hexes                        1
   b - Slow                           Hexes                        2
   c - Gell's Gravitas                Hexes/Translocation          3
   d - Inner Flame                    Hexes/Fire                   3
   e - Cause Fear                     Hexes                        4
   f - Leda's Liquefaction            Hexes/Earth                  4
Comestibles
 f - 4 bread rations
 o - 6 fruits
 q - 2 meat rations
 K - a beef jerky
 N - 3 chunks of flesh


   Skills:
 - Level 6.2 Fighting
 + Level 12.5 Axes
 - Level 2.1 Crossbows
 - Level 6.9 Dodging
 - Level 4.3 Shields
 - Level 1.0 Spellcasting
 - Level 2.1 Hexes


You had 10 spell levels left.
You knew the following spells:

 Your Spells              Type           Power        Failure   Level  Hunger
a - Corona                Hex            #......      43%         1    ##.....


Dungeon Overview and Level Annotations

Branches:
Dungeon (9/15)             Temple (1/1) D:6            Lair (0/6) D:8
    Orc: D:9-12

Altars:
Ashenzari
Cheibriados
Dithmenos
Elyvilon
Fedhas
Gozag
Hepliaklqana
Kikubaaqudgha
Makhleb
Nemelex Xobeh
Okawaru
Qazlal
Ru
Sif Muna
Trog
Uskayaw
Vehumet
Xom
Yredelemnul
Zin
The Shining One


Innate Abilities, Weirdness & Mutations

You have a beak for a mouth.
You have claws for feet.
You can fly.
You are partially covered in iridescent scales. (AC +2)
You are partially covered in thin metallic scales. (AC +2)
You are frail. (-10% HP)


Message History

The puff of flame hits the hill giant.
The hill giant is lightly wounded.
Evoking this partially-identified wand wasted a few charges.
There is an open door here.
You are starting to lose your buoyancy.
There is an open door here.
You float gracefully downwards.
You swoop lightly up into the air.
You feel very comfortable in the air.
You feel somewhat more hungry.
You slash the hill giant! You claw the hill giant.
The hill giant is moderately wounded.
You block the hill giant's attack.
You hit the hill giant. Your peck misses the hill giant.
The hill giant is moderately wounded.
You slash the hill giant! Your kick misses the hill giant.
You peck the hill giant.
The hill giant is heavily wounded.
The hill giant hits you with a giant spiked club!!!
Ouch! That really hurt!
You die...

#.# ##.####.# #.#
#......# #.# #.######
#####.##### ##'##
#.........# ##...##
#.###.###<#
##.....###### #.#
#.##..# ##.......##...
#.#
#.....####.........#.##
#.#
##....@C.'.........+...
#.#
#....####.........#.##
#.####....#
##.......##.##
#.........#
##.....###.##
########.## ##...##
#.## #.# ##C## #... #.#
#.# #### #.# #.########
###.##### ##.....(...


You could see a hill giant.

Vanquished Creatures
  A death yak (D:8)
  Pikel (D:7)
  Joseph (D:7)
  Prince Ribbit (D:7)
  A hippogriff (D:8)
  The ghost of grisnicke the Bolt Thrower, an amateur SpAM (D:5)
  2 yaks (D:8)
  2 slaves (D:7)
  A sky beast (D:7)
  2 orc warriors (D:6)
  4 centaurs
  5 ogres
  A big kobold (D:8)
  3 bullfrogs
  4 scorpions
  4 killer bees (D:7)
  An electric eel (D:6)
  2 howler monkeys
  A bullfrog zombie (D:6)
  2 centaur zombies
  A crimson imp (D:5)
  5 hounds
  4 jellies
  5 orc priests
  Crazy Yiuf (D:7)
  2 centaur skeletons
  4 iguanas
  4 orc wizards
  6 worker ants
  A hound zombie (D:7)
  6 gnolls
  7 adders
  A shadow imp (D:5)
  An ooze (D:1)
  5 adder skeletons
  A worm (D:2)
  2 dart slugs
  5 leopard geckos
  19 orcs
  A ball python (D:8)
  5 giant cockroaches
  8 goblins
  4 hobgoblins
  10 jackals
  8 quokkas
  10 bats
  3 frilled lizards
  11 kobolds
  A leopard gecko skeleton (D:8)
  A quokka skeleton (D:4)
  A quokka zombie (D:6)
  6 rats
189 creatures vanquished.

Vanquished Creatures (others)
  A hungry ghost (D:7)
  A water moccasin (D:7)
  A slave (D:7)
3 creatures vanquished.

Grand Total: 192 creatures vanquished

Notes
Turn   | Place    | Note
-------+----------+-------------------------------------------
     0 | D:1      | vev the Tengu Arcane Marksman began the quest for the Orb.
     0 | D:1      | Reached XP level 1. HP: 12/12 MP: 3/3
    82 | D:1      | You fall through a shaft!
   198 | D:2      | Reached XP level 2. HP: 16/16 MP: 4/4
   300 | D:2      | Reached skill level 2 in Fighting
   300 | D:2      | Reached skill level 3 in Dodging
   300 | D:2      | Reached XP level 3. HP: 17/21 MP: 3/5
  1350 | D:2      | Reached XP level 4. HP: 27/27 MP: 6/6
  1927 | D:2      | Reached skill level 3 in Fighting
  2415 | D:3      | Gained mutation: You are partially covered in iridescent scales. (AC +2) [potion of mutation]
  2415 | D:3      | Gained mutation: You are frail. (-10% HP) [potion of mutation]
  2416 | D:3      | Gained mutation: Your system is resistant to poisons. (rPois) [potion of mutation]
  2416 | D:3      | Gained mutation: You are partially covered in thin metallic scales. (AC +2) [potion of mutation]
  2416 | D:3      | Lost mutation: Your system is resistant to poisons. (rPois) [potion of mutation]
  2714 | D:3      | Gained mutation: You can fly. [Tengu growth]
  2714 | D:3      | Reached XP level 5. HP: 26/28 MP: 7/7
  2938 | D:3      | Reached skill level 4 in Dodging
  3216 | D:3      | Reached skill level 1 in Shields
  3257 | D:4      | Reached skill level 4 in Fighting
  3257 | D:4      | Reached XP level 6. HP: 34/34 MP: 8/8
  3322 | D:4      | HP: 3/34 [poisoned by a scorpion]
  3673 | D:4      | HP: 3/34 [orc priest/divine providence (15)]
  3676 | D:4      | Reached skill level 2 in Shields
  4023 | D:4      | Reached skill level 5 in Dodging
  4369 | D:4      | Found a glowing silver altar of Zin.
  4578 | D:4      | Reached XP level 7. HP: 34/39 MP: 9/9
  4715 | D:5      | Entered Level 5 of the Dungeon
  4855 | D:4      | HP: 2/39 [quokka (3)]
  4861 | D:4      | HP: 1/39 [poisoned by a worker ant]
  4866 | D:4      | HP: 1/39 [poisoned by a worker ant]
  5414 | D:5      | Reached skill level 3 in Shields
  5501 | D:5      | Reached skill level 5 in Fighting
  5786 | D:5      | Reached skill level 6 in Dodging
  6021 | D:5      | Noticed grisnicke's ghost (amateur SpAM)
  6039 | D:5      | Killed grisnicke's ghost
  6039 | D:5      | Reached skill level 4 in Shields
  6039 | D:5      | Reached XP level 8. HP: 43/45 MP: 7/10
  6548 | D:5      | Reached skill level 6 in Fighting
  6579 | D:6      | Found a bloodstained altar of Trog.
  6970 | D:6      | Found a staircase to the Ecumenical Temple.
  6980 | D:6      | Reached skill level 1 in Axes
  6983 | D:6      | Reached skill level 2 in Axes
  7121 | D:6      | Reached skill level 3 in Axes
  7238 | Temple   | Entered the Ecumenical Temple
  7638 | D:6      | Reached skill level 4 in Axes
  7788 | D:6      | Reached skill level 5 in Axes
  7818 | D:6      | Found a radiant altar of Vehumet.
  7821 | D:6      | Reached XP level 9. HP: 36/49 MP: 7/11
  7827 | D:6      | Found a stormy altar of Qazlal.
  7835 | D:6      | Became a worshipper of Qazlal Stormbringer
  8213 | D:6      | Reached skill level 6 in Axes
  8408 | D:7      | Reached skill level 7 in Axes
  8439 | D:7      | Noticed Pikel
  8444 | D:7      | Killed Pikel
  8444 | D:7      | Reached skill level 8 in Axes
  8867 | D:7      | Reached skill level 9 in Axes
  8872 | D:7      | Noticed Joseph
  8885 | D:7      | Killed Joseph
  9091 | D:7      | Noticed Prince Ribbit
  9120 | D:7      | Killed Prince Ribbit
  9120 | D:7      | Reached skill level 10 in Axes
  9120 | D:7      | Reached XP level 10. HP: 31/54 MP: 8/12
  9497 | D:7      | Found a runed door.
  9537 | D:7      | Noticed Crazy Yiuf
  9542 | D:7      | Killed Crazy Yiuf
  9738 | D:8      | Noticed a death yak
  9766 | D:8      | Killed a death yak
  9766 | D:8      | Reached skill level 11 in Axes
  9768 | D:8      | Reached * piety under Qazlal
 10018 | D:8      | Found a staircase to the Lair.
 10178 | D:8      | Got a crude war axe
 10179 | D:8      | Identified the +5 war axe "Xemiadon" {antimagic, rPois Int+4 Dex-5} (You found it on level 8 of the Dungeon)
 10217 | D:8      | Found a sparkling altar of Nemelex Xobeh.
 10217 | D:8      | Found an opulent altar of Gozag.
 10227 | D:8      | Reached skill level 12 in Axes
 10943 | D:9      | Noticed a hill giant
 11023 | D:9      | Slain by a hill giant

Skill      XL: |  1  2  3  4  5  6  7  8  9 10 |
---------------+-------------------------------+-----
Fighting       | 2 3 4 5 6 |  6.2
Dodging        | 3 4 5 6 |  6.9
Shields        | 1 2 4 |  4.3
Axes           | 5 10 12 | 12.5
Crossbows      | |  2.1
Spellcasting   | |  1.0
Hexes          | |  2.1

Action                   |  1- 3 |  4- 6 |  7- 9 | 10-12 || total
-------------------------+-------+-------+-------+-------++-------
Melee: Hand axe          |    34 |   133 |   286 |    35 ||   488
       Kick              |     8 |    31 |    60 |    30 ||   129
       Peck              |     4 |    17 |    37 |    18 ||    76
       Unarmed           |       |       |     4 |       ||     4
       War axe           |       |       |       |    66 ||    66
 Fire: Hand crossbow     |    45 |       |     3 |       ||    48
 Cast: Corona            |     5 |     9 |    13 |     3 ||    30
 Abil: Evoke Berserk Rag |       |       |     7 |     2 ||     9
       Fly               |       |       |     8 |     4 ||    12
Evoke: Wand              |       |       |     3 |     1 ||     4
  Use: Potion            |       |     6 |     3 |       ||     9
       Scroll            |       |     3 |     6 |     1 ||    10
  Eat: Chunk             |     1 |    11 |    23 |     4 ||    39
       Meat ration       |       |       |       |     1 ||     1
Armor: Robe              |     9 |     5 |       |       ||    14
       Scale mail        |       |    23 |       |       ||    23
       Ring mail         |       |    20 |    71 |    17 ||   108
Dodge: Dodged            |    38 |   109 |   192 |    41 ||   380
Block: Buckler           |       |       |    45 |    18 ||    63
